 Dungeon Crawl Stone Soup version 0.28.0-47-ge53b351184 (webtiles) character file.

Game seed: 14804003639760130757

10180 Peloso the Carver (level 11, -15/97 HPs)
             Began as a Minotaur Fighter on May 1, 2022.
             Was a Believer of Okawaru.
             Hit by a silver javelin thrown by a minotaur (25 damage)
             ... in a Gauntlet.
             The game lasted 00:30:37 (14438 turns).

Peloso the Carver (Minotaur Fighter)               Turns: 14438, Time: 00:30:38

Health: -15/97     AC: 20    Str: 22      XL:     11   Next: 32%
Magic:  8/10       EV: 11    Int:  2 (5)  God:    Okawaru [**....]
Gold:   617        SH: 12    Dex: 13      Spells: 10/10 levels left

rFire   . . .      SeeInvis .   a - +3 falchion (holy)
rCold   . . .      Faith    .   c - +0 kite shield {rN+}
rNeg    + . .      Spirit   .   i - +1 chain mail {rPois}
rPois   +          Reflect  .   (helmet restricted)
rElec   .          Harm     .   (no cloak)
rCorr   .          Rampage  .   (no gloves)
Will    +....      NoTele   +   h - +0 pair of boots
Stlth   +.........              (no amulet)
HPRegen 0.26/turn               w - ring of willpower
MPRegen 0.12/turn               v - +4 ring of protection

@: mighty, heroic
A: horns 2, retaliatory headbutt
a: Renounce Religion, Heroism


You were in a Gauntlet.
You worshipped Okawaru.
Okawaru was pleased with you.
You visited 2 branches of the dungeon, and saw 12 of its levels.
You also visited: Gauntlet.

You collected 617 gold pieces.

Inventory:

Hand Weapons
 a - a +3 falchion of holy wrath (weapon)
 b - a +2 dagger of flaming
Armour
 c - a +0 kite shield of positive energy (worn)
 h - a +0 pair of boots (worn)
 i - a +1 chain mail of poison resistance (worn)
 j - the +2 pair of boots "Meurud" {rN+ Str-3 SInv}
   (You found it in a Gauntlet)

   Str:       It affects your strength (-3).
   rN:        It protects you from negative energy.
   SInv:      It lets you see invisible.
 p - the +4 scale mail of Reason {Dex+4}
   (You found it on level 9 of the Dungeon)

   Dex:       It affects your dexterity (+4).
Jewellery
 m - a ring of magical power
 r - the ring "Cydunuce" {Fire rN++ Will- Str+3 Dex+4}
   (You found it in a Gauntlet)

   [ring of fire]

   It enhances your fire magic.
   Str:       It affects your strength (+3).
   Dex:       It affects your dexterity (+4).
   rF:        It protects you from fire.
   rC:        It makes you vulnerable to cold.
   rN:        It greatly protects you from negative energy.
   Will:      It decreases your willpower.
 v - a +4 ring of protection (right hand)
 w - a ring of willpower (left hand)
 E - a ring of wizardry
 F - a ring of see invisible
Wands
 u - a wand of flame (23)
 z - a wand of acid (4)
 A - a wand of iceblast (13)
 C - a wand of mindburst (5)
 D - a wand of digging (4)
Scrolls
 e - a scroll of identify
 f - 3 scrolls of teleportation
 k - a scroll of blinking
 l - a scroll of brand weapon {unknown}
 o - 4 scrolls of amnesia
 q - a scroll of silence
 s - 4 scrolls of immolation
 y - a scroll of enchant weapon
Potions
 g - 3 potions of curing
 n - a potion of cancellation
 t - a potion of haste {unknown}
 x - 4 potions of flight
 B - a potion of brilliance


   Skills:
 + Level 9.2(14.2) Fighting
 + Level 13.3(18.3) Long Blades
 + Level 10.1(15.1) Armour
 + Level 5.6(10.6) Dodging
 + Level 3.9(8.9) Stealth
 + Level 8.1(13.1) Shields
 + Level 0.2 Invocations
 + Level 0.6 Evocations


You had 10 spell levels left.
You didn't know any spells.
Your spell library contained the following spells:

 Spells                   Type           Power      Damage    Failure   Level
 Mephitic Cloud           Conj/Pois/Air  0%         N/A       100%        3
 Alistair's Intoxication  Tmut/Pois      0%         N/A       100%        5
 Conjure Ball Lightning   Conj/Air       0%         3x3d6     100%        6


Dungeon Overview and Level Annotations

Branches:
Dungeon (11/15)            Temple (1/1) D:4            Lair (0/6) D:8
    Orc (0/2) D:9         Gauntlet (1/1)

Altars:
Ashenzari
Cheibriados
Dithmenos
Elyvilon
Gozag
Kikubaaqudgha
Makhleb
Nemelex Xobeh
Okawaru
Qazlal
Sif Muna
Vehumet
Wu Jian
Xom
Yredelemnul
The Shining One

Shops:
D:1 [

Annotations:
D:4 2 transporters, Bruhh's ghost, amateur GnIE
D:7 2 transporters, Ablot's ghost, novice GnCK Gauntlet 8 transporters, exclusion: 3 lightning spires


Innate Abilities, Weirdness & Mutations

You have a pair of horns on your head.
You reflexively headbutt those who attack you in melee.


Message History

You hit the minotaur but do no damage.
The minotaur is moderately wounded.
You feel sick. You block the minotaur's attack.
The minotaur closely misses you.
You closely miss the minotaur.
The minotaur furiously retaliates!
The minotaur headbutts you, but does no damage.
The minotaur is moderately wounded.
You feel sick.
You are no longer poisoned.
The minotaur hits you but does no damage.
The minotaur barely misses you.
You gain the combat prowess of a mighty hero.
The minotaur hits you with a +4 spear of venom!
* * * LOW HITPOINT WARNING * * *
You block the minotaur's attack.
You hit the minotaur but do no damage. Your headbutt misses the minotaur.
The minotaur is moderately wounded.
Blink to where?
Press: ? - help, Dir - move target
As you read the scroll of blinking, it crumbles to dust.
Aiming: Mindburst
Press: ? - help, Shift-Dir - straight line, f - minotaur
Aim: a minotaur, wielding a +4 spear of venom, wearing the +17 plate armour of Shadows and Fog {Str+3} and quivering silver javelins (moderately wounded, chance to affect: 8%)
The minotaur resists with almost no effort.
Aiming: Iceblast
Press: ? - help, Shift-Dir - straight line, f/p - minotaur
Aim: a minotaur, wielding a +4 spear of venom, wearing the +17 plate armour of Shadows and Fog {Str+3} and quivering silver javelins (moderately wounded)
The mass of ice explodes!
The iceblast engulfs the minotaur but does no damage.
The minotaur is moderately wounded.
Okay, then.
Unknown command.
Aiming: Corrosive Bolt
Press: ? - help, Shift-Dir - straight line, f/p - minotaur
Aim: a minotaur, wielding a +4 spear of venom, wearing the +17 plate armour of Shadows and Fog {Str+3} and quivering silver javelins (moderately wounded, 86% to hit)
The bolt of acid hits the minotaur.
The minotaur is heavily wounded.
The minotaur throws a silver javelin.
The silver javelin pierces through you!!
You die...

..###########...............#####
..............8.....8.....8......
8......8........................§
§§...........§#≈#########≈#.....§
§#≈#≈#≈#≈#≈#≈####.......####≈#§#≈
################..8.8.8..########
##...©.©.©...## #.............#
#@###.###.### #.###.###.###
#.............# #.###.###.###.#
#.###.###.###.# #.....H.......#
######'####### #.....# ###.###


You could see a minotaur.

Vanquished Creatures
  A blizzard demon (Gauntlet)
  2 two-headed ogres (D:10)
  An orange crystal statue (Gauntlet)
  Pikel (D:8)
  An ugly thing (D:11)
  An elephant (D:8)
  Joseph (D:7)
  A komodo dragon (D:10)
  2 trolls (D:10)
  Grinder (D:5)
  A shadow (D:11)
  A yak (D:8)
  A wyvern (D:9)
  2 basilisks (D:8)
  Menkaure (D:6)
  An acid dragon (D:9)
  2 water moccasins
  8 orc warriors
  2 sky beasts
  An ice beast (D:7)
  2 ogres
  3 centaurs
  3 lemures (D:8)
  A phantom (D:6)
  Blork the orc (D:5)
  3 kobold brigands
  A scorpion (D:4)
  2 bullfrogs
  2 gnoll sergeants
  18 killer bees
  A howler monkey (D:6)
  4 centaur zombies
  4 hounds
  4 jellies
  10 orc priests
  A centaur skeleton (D:7)
  3 iguanas
  A gnoll shaman (D:8)
  13 orc wizards
  A hound zombie (D:5)
  2 hound skeletons (D:4)
  A howler monkey zombie (D:6)
  5 adders
  14 gnolls
  3 shadow imps
  An ufetubus (D:5)
  3 worms
  A dart slug (D:3)
  39 orcs
  3 ball pythons
  4 bats
  13 endoplasms
  2 giant cockroaches
  8 goblins
  6 hobgoblins
  4 jackals
  21 kobolds
  4 quokkas
  10 rats
254 creatures vanquished.

Vanquished Creatures (others)
  An orc wizard (D:8)
  2 fungi
  3 plants
  10 toadstools (D:4)
16 creatures vanquished.

Grand Total: 270 creatures vanquished

Notes
Turn   | Place    | Note
-------+----------+-------------------------------------------
     0 | D:1      | Peloso the Minotaur Fighter began the quest for the Orb.
     0 | D:1      | Reached XP level 1. HP: 19/19 MP: 0/0
   280 | D:1      | Reached XP level 2. HP: 27/27 MP: 1/1
   432 | D:1      | Found Uggiced's Antique Armour Shop.
   902 | D:1      | Reached XP level 3. HP: 33/33 MP: 2/2
  1013 | D:2      | Found an iron altar of Okawaru.
  1589 | D:2      | Reached skill level 3 in Long Blades
  1606 | D:2      | Found a faded altar of an unknown god.
  1879 | D:3      | Found the +4 robe of Augmentation {Str+4 Int+4 Dex+4}
  1898 | D:3      | Reached XP level 4. HP: 27/41 MP: 3/3
  2670 | D:4      | Found a snail-covered altar of Cheibriados.
  2929 | D:4      | Reached XP level 5. HP: 36/47 MP: 4/4
  3075 | D:4      | Found a transporter.
  3095 | D:4      | Found a transporter.
  3102 | D:4      | Reached skill level 4 in Long Blades
  3102 | D:4      | Reached skill level 1 in Dodging
  3102 | D:4      | Noticed Bruhh's ghost (amateur GnIE)
  3128 | D:4      | Found a staircase to the Ecumenical Temple.
  3336 | D:4      | Got the Tome of Contamination and Confrontation
  3490 | D:4      | Reached skill level 1 in Stealth
  3490 | D:4      | Reached XP level 6. HP: 43/55 MP: 5/5
  3688 | D:4      | Reached skill level 5 in Fighting
  3772 | D:4      | Reached skill level 5 in Long Blades
  3869 | D:5      | Entered Level 5 of the Dungeon
  4314 | D:5      | Noticed Blork the orc
  4323 | D:5      | Killed Blork the orc
  4324 | D:5      | Reached skill level 6 in Long Blades
  4402 | D:5      | Noticed a sky beast
  4410 | D:5      | Killed a sky beast
  4411 | D:5      | Reached XP level 7. HP: 61/61 MP: 6/6
  4457 | D:5      | Noticed Grinder
  4458 | D:5      | Paralysed by Grinder for 3 turns
  4588 | D:5      | Killed Grinder
  4589 | D:5      | Reached skill level 7 in Long Blades
  5062 | D:6      | Reached skill level 8 in Long Blades
  5062 | D:6      | Reached XP level 8. HP: 58/70 MP: 7/7
  5206 | D:6      | Reached skill level 5 in Shields
  5584 | D:6      | Noticed Menkaure
  5590 | D:6      | Killed Menkaure
  5658 | D:7      | Reached skill level 9 in Long Blades
  6152 | D:7      | Noticed Joseph
  6164 | D:7      | HP: 3/71 [something (13)]
  6512 | D:7      | Reached XP level 9. HP: 59/78 MP: 8/8
  6605 | D:7      | Noticed Ablot's ghost (novice GnCK)
  6608 | D:7      | Found a transporter.
  6617 | D:7      | Found a transporter.
  6633 | D:7      | Reached skill level 10 in Long Blades
  6733 | D:7      | HP: 2/78 [orc warrior/+0 short sword (14)]
  7348 | D:7      | Killed Joseph
  7349 | D:7      | Reached skill level 5 in Armour
  7663 | D:8      | Noticed an elephant
  7691 | D:8      | Killed an elephant
  7698 | D:8      | Reached skill level 11 in Long Blades
  7698 | D:8      | Reached skill level 5 in Dodging
  8791 | D:8      | Reached XP level 10. HP: 88/88 MP: 9/9
  9058 | D:8      | Noticed Pikel
  9077 | D:8      | Killed Pikel
  9119 | D:8      | Found a staircase to the Lair.
  9357 | D:8      | Reached skill level 12 in Long Blades
  9702 | D:9      | You fall into a shaft and drop 1 floor!
  9702 | D:10     | Entered Level 10 of the Dungeon
 10646 | D:8      | HP: 4/89 [poisoned by an orc warrior]
 11239 | D:9      | Found a staircase to the Orcish Mines.
 11364 | D:9      | Identified the +4 scale mail of Reason {Dex+4}
 11616 | D:10     | Noticed a two-headed ogre
 11625 | D:10     | Killed a two-headed ogre
 11779 | Temple   | Entered the Ecumenical Temple
 11888 | Temple   | Became a worshipper of Warmaster Okawaru
 12070 | D:10     | Noticed a two-headed ogre
 12091 | D:10     | Killed a two-headed ogre
 12091 | D:10     | Reached * piety under Okawaru
 12092 | D:10     | Reached skill level 13 in Long Blades
 12373 | D:10     | Reached XP level 11. HP: 65/95 MP: 10/10
 13203 | D:11     | Noticed a cyan ugly thing
 13233 | D:11     | Found a gate leading to a gauntlet.
 13247 | D:11     | HP: 3/97 [cyan ugly thing (13)]
 13248 | D:11     | Killed a cyan ugly thing
 13249 | Gauntlet | Entered a Gauntlet
 13249 | Gauntlet | Found a transporter.
 13252 | Gauntlet | Found a transporter.
 13255 | Gauntlet | Found a transporter.
 13255 | Gauntlet | Found a transporter.
 13258 | Gauntlet | Found a transporter.
 13259 | Gauntlet | Found a transporter.
 13269 | Gauntlet | Found a transporter.
 13286 | Gauntlet | Noticed a great orb of eyes
 13311 | Gauntlet | Found a transporter.
 13315 | Gauntlet | Noticed a blizzard demon
 13332 | Gauntlet | Noticed an orange crystal statue
 13370 | Gauntlet | Found a transporter.
 13372 | Gauntlet | Found a transporter.
 13376 | Gauntlet | Found a transporter.
 13385 | Gauntlet | Noticed a cyan ugly thing
 13394 | Gauntlet | Found a transporter.
 13848 | Gauntlet | Identified the +2 pair of boots "Meurud" {rN+ Str-3 SInv}
 14011 | Gauntlet | Noticed a wizard
 14016 | Gauntlet | Killed an orange crystal statue
 14016 | Gauntlet | Reached ** piety under Okawaru
 14295 | Gauntlet | Killed a blizzard demon
 14296 | Gauntlet | Reached skill level 10 in Armour
 14309 | Gauntlet | Identified the ring "Cydunuce" {Fire rN++ Will- Str+3
                  | Dex+4}
 14411 | Gauntlet | Identified the +17 plate armour of Shadows and Fog {Str+3}
 14411 | Gauntlet | Noticed a minotaur
 14438 | Gauntlet | Hit by a silver javelin thrown by a minotaur

Illustrated notes

Levels and vault maps discovered:
D:1:      dpeg_arrival_short_road, layout_basic, serial_shops, shop,
          hangedman_decor_diamond_cutter, chequers_serial_rivers_micro_e,
          hangedman_decor_peaks_small, st_stairs_10, minmay_rat_gold_closets
D:2:      layout_loops_ring, chequers_ecumenical_altar_simple,
          minmay_hexomino_r4
D:3:      layout_loops_cross
D:4:      cheibrodos_fertilizer, layout_basic, mainiacjoe_overflow_24_doors,
          minmay_temple_entry_purple_smoke, gammafunk_ghost_stat_death
D:5:      layout_basic, uniq_blork_the_orc, uniq_grinder
D:6:      layout_cave_pools, uniq_menkaure
D:7:      layout_basic, gammafunk_ghost_arena, uniq_joseph
D:8:      layout_basic, david_lair_generic, uniq_pikel
D:9:      layout_rooms, chequers_temple_overflow_minitemple, erik_orc_2
D:10:     layout_gridville, st_stairs_8
D:11:     layout_big_octagon, gauntlet_entry_generic
Temple:   eino_temple_scatter_basement
Gauntlet: minmay_gauntlet_mixed_oops_all_seconds
          [minmay_gauntlet_arena_77_squiggly, gammafunk_gauntlet_arena_mazey,
          minmay_gauntlet_arena_77_mess, gammafunk_gauntlet_arena_teeth,
          minmay_gauntlet_arena_77_radiant_squares,
          gammafunk_gauntlet_arena_chambers, gauntlet_exit_watery]

Skill      XL: |  1  2  3  4  5  6  7  8  9 10 11 |
---------------+----------------------------------+-----
Shields        | 4 5 6 7 8 |  8.1
Fighting       | 4 5 6 7 8 9 |  9.2
Armour         | 4 7 9 10 | 10.1
Long Blades    | 3 4 6 8 9 11 13 | 13.3
Dodging        | 1 2 4 5 |  5.6
Stealth        | 1 2 3 |  3.9
Invocations    | |  0.2
Evocations     | |  0.6

Action                   |  1- 3 |  4- 6 |  7- 9 | 10-12 || total
-------------------------+-------+-------+-------+-------++-------
Melee: Long sword        |   112 |   125 |   267 |    43 ||   547
       Headbutt          |    11 |    17 |    42 |    88 ||   158
       Falchion          |       |       |       |   336 ||   336
Invok: Heroism           |       |       |       |     4 ||     4
Evoke: Wand              |       |       |     1 |     5 ||     6
  Use: Scroll            |     4 |     5 |     3 |     8 ||    20
       Potion            |     1 |     2 |     4 |     2 ||     9
 Stab: Sleeping          |       |     3 |     8 |       ||    11
Armor: Scale mail        |    63 |     1 |       |       ||    64
       Robe              |       |    49 |    27 |       ||    76
       Chain mail        |       |       |    74 |   202 ||   276
Dodge: Dodged            |    63 |    56 |   128 |   168 ||   415
Block: Buckler           |    22 |    28 |    58 |    83 ||   191
       Kite shield       |       |       |       |    11 ||    11
